 Dungeon Sprint DCSS version 0.15-a0-1485-g692b94f (webtiles) character file.

12 PolkaDot the Ducker (level 3, -16/29 HPs)
             Began as a Vampire Gladiator on June 14, 2014.
             Was an Initiate of Qazlal.
             Killed by an exploding giant spore (23 damage)
             ... in the Dungeon (Sprint VI: "Thunderdome").
             The game lasted 00:04:27 (276 turns).

PolkaDot the Ducker (Vampire Gladiator)              Turns: 276, Time: 00:04:27

HP -16/29        AC  5     Str 14      XL: 3   Next: 16%
MP   3/3         EV 13     Int 10      God: Qazlal [......]
Gold 16          SH  0     Dex 15      Spells:  0 memorised,  2 levels left

rFire  . . .     SeeInvis +     a - +0 cutlass
rCold  . . .     Clarity  .     e - +0 troll leather armour
rNeg   + . .     rCorr    .     (no shield)
rPois  .         rRot     .     c - +0 helmet
rElec  .         Spirit   .     (no cloak)
SustAb .         Warding  .     (no gloves)
rMut   .         NoTele   +     (no boots)
Gourm  .                        (no amulet)
MR     .....                    (no ring)
                                (no ring)

@: not resistant to hostile enchantments, very unstealthy
A: fangs 3, see invisible, unbreathing
a: Bat Form, Renounce Religion


You were in the Dungeon.
You worshipped Qazlal.
Qazlal was noncommittal.
You were not thirsty.

You visited 1 branch You collected 220 gold pieces.
You spent 204 gold pieces at shops.

Inventory:

Hand weapons
 a - a +0,+0 cutlass (weapon)
Missiles
 d - 3 throwing nets (quivered)
Armour
 b - a +0 leather armour
 c - a +0 helmet (worn)
 e - a +0 troll leather armour (worn)
Magical devices
 l - a wand of cold (5)
 m - a wand of fire (5)
Scrolls
 k - 4 scrolls of blinking
 n - 3 scrolls of fog
Potions
 f - a potion of curing
 g - 3 potions of heal wounds
 h - 4 potions of haste
 i - 2 potions of magic
 j - a potion of berserk rage
 o - a potion of resistance


   Skills:
 - Level 3.3 Fighting
 * Level 4.7 Short Blades
 - Level 3.0 Throwing
 + Level 0.0 Armour
 - Level 4.7 Dodging


You had 2 spell levels left.
You didn't know any spells.

Dungeon Overview and Level Annotations

Branches:
Dungeon (1/1)

Altars:
Cheibriados
Dithmenos
Elyvilon
Fedhas
Gozag
Kikubaaqudgha
Makhleb
Nemelex Xobeh
Okawaru
Qazlal
Sif Muna
Trog
Vehumet
Xom
Yredelemnul
Zin
The Shining One
Jiyva
Lugonu

Shops:
D *[%??*?*:[((!!!!


Innate Abilities, Weirdness & Mutations

You have razor-sharp teeth.*
You have supernaturally acute eyesight.
You can survive without breathing.*


Message History

You hit the active ballistomycete.
You destroy the active ballistomycete!
A giant spore comes into view.
There is an entrance to Pahavall's Magic Scroll Shop here.
The giant spore waves its rhizomes.
A giant spore comes into view.
An active ballistomycete comes into view.
The giant spore waves its rhizomes.
Drink which item? (? for menu, Esc to quit)
Okay, then.
The giant spore explodes!
A fungus suddenly grows.
The explosion of spores engulfs you!
Ouch! That really hurt!
* * * LOW HITPOINT WARNING * * *
The explosion of spores engulfs the giant spore.
The giant spore explodes!
A fungus suddenly grows. x5
The explosion of spores engulfs you!
Ouch! That really hurt!
You die...

##### ##⌠⌠⌠## #.....#
##.....## ##∩.....∩##
#∩..P.@..∩# #_..P...._#
#_..P.P.P_# #....P..._#
###.........###
#P...........⌠#
######.8.........8.######
##∩___......###......___∩##
###∩........8.#
#.8........∩###


There were no monsters in sight!

Vanquished Creatures
  A jelly (D)
  4 oozes (D)
  6 ballistomycetes (D)
11 creatures vanquished.

Vanquished Creatures (others)
  2 giant spores (D)
2 creatures vanquished.

Grand Total: 13 creatures vanquished

Notes
Turn   | Place    | Note
--------------------------------------------------------------
     0 | D        | PolkaDot, the Vampire Gladiator, began the quest for the Orb.
     0 | D        | Reached XP level 1. HP: 16/16 MP: 1/1
     2 | D        | Found a snail-covered altar of Cheibriados.
     3 | D        | Found a deep blue altar of Sif Muna.
     3 | D        | Found a white marble altar of Elyvilon.
     4 | D        | Found a basalt altar of Yredelemnul.
     4 | D        | Found an ancient bone altar of Kikubaaqudgha.
     5 | D        | Found Unio's Jewellery.
     5 | D        | Found Brezihem's Bee Food.
     5 | D        | Found a blossoming altar of Fedhas.
     5 | D        | Found a glowing golden altar of the Shining One.
     5 | D        | Round 1.
     6 | D        | Found an opulent altar of Gozag.
     7 | D        | Found Hueharats' Advanced Armour.
     7 | D        | Found Qoraibaut's Identification Station.
     8 | D        | Found a radiant altar of Vehumet.
    10 | D        | Found a stormy altar of Qazlal.
    26 | D        | Found a shadowy altar of Dithmenos.
    29 | D        | Found Jisut's Premium Goods.
    29 | D        | Found Schyxt's Miscellaneous Merchandise.
    30 | D        | Noticed a jelly
    31 | D        | Found Ytylaon's Basic Armour.
    35 | D        | Killed a jelly
    35 | D        | Reached skill level 4 in Short Blades
    35 | D        | Reached XP level 2. HP: 9/24 MP: 2/2
    35 | D        | Reached XP level 3. HP: 10/29 MP: 3/3
    36 | D        | Became a worshipper of Qazlal Stormbringer
    38 | D        | Found Soujoibu's Weapon Rack.
    51 | D        | Found an iron altar of Okawaru.
    52 | D        | Found a glowing silver altar of Zin.
    54 | D        | Found Oxuutt's Do-It-Yourself Clinic.
    54 | D        | Found Staisaax's Bottled Wisdom.
    55 | D        | Found a bloodstained altar of Trog.
    56 | D        | Found Klirimo's Distillery.
    56 | D        | Found a sparkling altar of Nemelex Xobeh.
    56 | D        | Found a corrupted altar of Lugonu.
    56 | D        | Found Klaemm's Distillery.
    70 | D        | Found a viscous altar of Jiyva.
    77 | D        | Found a burning altar of Makhleb.
    78 | D        | Found a shimmering altar of Xom.
    78 | D        | Found Cuisef's Staff Store.
    79 | D        | Found Craidil's Must-Have Magic.
    82 | D        | Found Pahavall's Magic Scroll Shop.
    84 | D        | Found Diaseb's Magic Scroll Shop.
    98 | D        | Arena points: 12 (+12) [x2]
   131 | D        | Bought a +0 troll leather armour for 204 gold pieces
   153 | D        | Round 2.
   276 | D        | Killed by an exploding giant spore

Action                   || total
-------------------------++-------
Melee: Cutlass           ||    69
  Use: Potion            ||     2
